 Dungeon Crawl Stone Soup version 0.32-a0-131-g9dbbe29261 (webtiles) character file.

Game seed: 5159379673135924460

11438 Ceno the Grappler (level 11, -5/74 (99) HPs)
             Began as a Pale Draconian Shapeshifter on Feb 8, 2024.
             Was an Initiate of Gozag.
             Slain by a spectral six-headed hydra (9 damage)
             ... in a Gauntlet.
             The game lasted 00:35:06 (11118 turns).

Ceno the Grappler (Pale Draconian Shapeshifter)    Turns: 11118, Time: 00:35:07

HP:   -5/74 (99)    AC:  7    Str: 20    XL:     11   Next: 49%
MP:   11/11         EV: 21    Int: 11    God:    Gozag
Gold: 873           SH:  0    Dex: 11    Spells: 10/10 levels left

rFire   . .          .
                       - Unarmed
rCold   . . .        (shield currently unavailable)
rNeg    . . .        (body armour unavailable)
rPois   +            (helmet restricted)
rElec   .            (no cloak)
rCorr   .            (no gloves)
SInv    .            (no boots)
Will    .....        H - amulet of magic regeneration
Stlth   +            E - +5 ring of evasion
HPRegen 0.32/turn    C - ring of poison resistance
MPRegen 0.52/turn

%: no teleportation
@: mighty, flux-form, slowed, glowing, very heavily drained, invisible (but
backlit and visible), very slow
A: glow, contaminating, breathe steam, AC +7, unfitting armour, cold-blooded,
steam resistance
a: Breathe Steam, Begin Untransformation, Renounce Religion, Potion Petition,
Call Merchant, Bribe Branch


You were in a Gauntlet.
You worshipped Gozag.
Gozag was pleased with you.
You were something dangerously unstable.
You visited 3 branches of the dungeon, and saw 11 of its levels.
You also visited: Sewer and Gauntlet.

You collected 1731 gold pieces.
You paid 858 gold pieces to Gozag.

Inventory:

Hand Weapons
 z - a +0 club
Missiles
 d - 94 stones
 g - 7 curare-tipped darts
 j - 24 poisoned darts (quivered)
Armour
 A - a +0 pair of gloves
 K - a +0 pair of boots
 L - a +0 cloak
 O - a +0 helmet
Jewellery
 x - a ring of resist corrosion
 C - a ring of poison resistance (right hand)
 E - a +5 ring of evasion (left hand)
 F - a +5 ring of evasion
 H - an amulet of magic regeneration (around neck)
 J - an amulet of the acrobat
 N - a ring of fire
Talismans
 b - a beast talisman
 c - a flux talisman (active)
Wands
 i - a wand of digging (10)
 q - a wand of roots (21)
 w - a wand of charming (9)
 G - a wand of light (10)
 M - a wand of flame (12)
Scrolls
 k - a scroll of blinking
 o - 3 scrolls of teleportation
 p - a scroll of enchant weapon
 s - a scroll of vulnerability
 t - 2 scrolls of amnesia
 v - a scroll of fear {unknown}
 y - a scroll of silence {unknown}
 B - a scroll of immolation {unknown}
 D - 3 scrolls of identify
 I - a scroll of brand weapon {unknown}
 P - a scroll of butterflies {unknown}
Potions
 a - 2 potions of lignification
 e - 7 potions of heal wounds
 f - 2 potions of attraction {unknown}
 h - 4 potions of might
 l - 5 potions of curing
 m - a potion of ambrosia {unknown}
 n - 3 potions of mutation {unknown}
 r - a potion of brilliance {unknown}
 u - 4 potions of magic


   Skills:
 + Level 10.1 Fighting
 - Level 6.0 Throwing
 + Level 3.1 Dodging
 + Level 11.1 Unarmed Combat
 + Level 2.9 Evocations
 + Level 9.0 Shapeshifting


You had 10 spell levels left.
You didn't know any spells.
Your spell library contained the following spells:

 Spells                   Type           Power      Damage    Failure   Level
 Necrotise                Necr           0%         1d4       34%         1
 Ensorcelled Hibernation  Hex/Ice        0%         N/A       47%         2
 Fugue of the Fallen      Necr           0%         N/A       71%         3
 Gell's Gravitas          Tloc           0%         N/A       71%         3
 Teleport Other           Tloc           0%         N/A       71%         3
 Tukima's Dance           Hex            0%         N/A       71%         3
 Vampiric Draining        Necr           0%         2d6       71%         3
 Anguish                  Hex/Necr       0%         N/A       98%         4
 Dimensional Bullseye     Hex/Tloc       0%         N/A       98%         4
 Iskenderun's Mystic Bla  Conj/Tloc      0%         2d3       98%         4
 Manifold Assault         Tloc           0%         N/A       98%         4
 Martyr's Knell           Necr/Summ      0%         N/A       98%         4
 Curse of Agony           Necr           0%         N/A       100%        5
 Dispersal                Tloc           0%         N/A       100%        6
 Disjunction              Tloc           0%         N/A       100%        8


Dungeon Overview and Level Annotations

Branches:
Dungeon (9/15)             Temple (1/1) D:7            Lair (1/5) D:9
    Orc (0/2) D:9           Sewer (visited)         Gauntlet (1/1)

Altars:
Ashenzari
Cheibriados
Dithmenos
Elyvilon
Fedhas
Gozag
Hepliaklqana
Kikubaaqudgha
Makhleb
Nemelex Xobeh
Okawaru
Qazlal
Ru
Sif Muna
Trog
Uskayaw
Vehumet
Wu Jian
Xom
Yredelemnul
Zin
The Shining One

Annotations:
D:7 3 runed translucent doors, Azoth's ghost, novice KoHu Gauntlet 8 transporters


Innate Abilities, Weirdness & Mutations

You are something dangerously unstable.
You glow with magical radiation, making you easy to see and hit.
Foes you strike become dangerously contaminated with magical radiation.
You are incapable of wielding weapons or throwing items.
You can breathe blasts of scalding, opaque steam.
Your pale cyan-grey scales are hard. (AC +7)
You cannot fit into any form of body armour.
You are cold-blooded and may be slowed by cold attacks.
You are immune to the effects of steam.


Message History

You feel drained.
The spectral six-headed hydra bites you.
You feel drained.
The spectral six-headed hydra bites you!
* * * LOW HITPOINT WARNING * * *
You feel drained.
* * * LOW HITPOINT WARNING * * *
The spectral six-headed hydra bites you!
* * * LOW HITPOINT WARNING * * *
The spectral six-headed hydra bites you but does no damage.
You feel much better.
The death scarab stops glowing.
The spectral six-headed hydra bites you.
The spectral six-headed hydra bites you!
* * * LOW HITPOINT WARNING * * *
You feel drained.
The spectral six-headed hydra completely misses you. x2
The spectral six-headed hydra bites you.
* * * LOW HITPOINT WARNING * * *
You feel drained.
The spectral six-headed hydra bites you!
* * * LOW HITPOINT WARNING * * *
You feel drained.
* * * LOW HITPOINT WARNING * * *
The spectral six-headed hydra completely misses you.
The spectral six-headed hydra bites you.
* * * LOW HITPOINT WARNING * * *
You feel drained.
* * * LOW HITPOINT WARNING * * *
The spectral six-headed hydra misses you.
The spectral six-headed hydra barely misses you.
The spectral six-headed hydra bites you.
* * * LOW HITPOINT WARNING * * *
You feel drained.
The spectral six-headed hydra barely misses you.
You hit the spectral six-headed hydra.
The spectral six-headed hydra glows dangerously bright.
The spectral six-headed hydra is lightly damaged.
The spectral six-headed hydra bites you!
You die...
Your body crumbles into a pile of gold.

##≈.#..ß#ß..#.#.h....y#.≈
#≈≈.#...ß...#.#h.####h#.≈
##≈.#ß.ß^ß.ß#.#h#...hh#.≈
##.##ß.©.ß##.#y#.h####.#
##≈.#ß.ß^ß.ß#.#h#h#...#.≈
#≈≈.#...ß...#.#h#.#![##.≈
##≈.#..?B.[.#.#h..#h#h#.≈
##.###################.#
##≈....#pZ........©#....≈
#≈≈..⌠.#.⌠.⌠.⌠.⌠.⌠.#.⌠..≈
##≈....#©.........©#....≈
##.#########.#########.#
##≈.#...33..#.#.......#.≈
#≈≈.#.......#.#....#..#.≈
##≈.#.#####.#.#9..###.#.≈
##.#...©...###..#©#..#.#
##≈.#.#####.#.#.###...#.≈


You could see a moth of wrath, a spectral six-headed hydra (heavy contam), 2
sixfirhies, a death scarab, a gargoyle and 5 wolves.

Vanquished Creatures
  A fire crab (Gauntlet)
  Pikel (D:8)
  An elephant (D:9)
  A black mamba (Lair:1)
  2 cane toads (Lair:1)
  Jeremiah (D:8)
  2 komodo dragons (Lair:1)
  2 hornets (D:8)
  Prince Ribbit (D:7)
  A slime creature (D:8)
  2 wyverns (D:9)
  13 yaks
  3 basilisks
  2 fire bats (Gauntlet)
  Menkaure (D:5)
  Grum (D:8)
  5 water moccasins
  2 orc warriors
  A black bear (D:5)
  An ogre (D:5)
  6 centaurs
  4 wolves (D:8)
  A phantom (D:6)
  4 lemures
  3 kobold brigands (Sewer)
  4 bullfrogs
  A brain worm (Sewer)
  2 scorpions (D:5)
  22 wights
  3 howler monkeys (D:9)
  2 bombardier beetles
  2 hounds
  A jelly (D:7)
  5 orc priests
  Natasha (thrice) (D:4)
  Ijyb (D:3)
  An iguana (D:4)
  9 orc wizards
  8 gnolls
  14 adders
  3 river rats
  A shadow imp (D:4)
  A white imp (D:6)
  2 dart slugs (D:4)
  3 ribbon worms
  23 orcs
  6 ball pythons
  8 endoplasms
  3 giant cockroaches
  8 goblins
  7 hobgoblins
  3 jackals (D:2)
  12 kobolds
  3 quokkas
  2 bats (D:2)
  9 frilled lizards
  11 rats
245 creatures vanquished.

Notes
Turn   | Place    | Note
-------+----------+-------------------------------------------
     0 | D:1      | Ceno the Draconian Shapeshifter began the quest for the
                  | Orb.
     0 | D:1      | Reached XP level 1. HP: 16/16 MP: 1/1
   123 | D:1      | Reached XP level 2. HP: 23/23 MP: 2/2
   632 | D:1      | Identified the +10 trident of the Puffin {flame, Str+3}
   982 | D:2      | Reached XP level 3. HP: 23/29 MP: 3/3
  1105 | D:2      | Reached skill level 4 in Unarmed Combat
  1404 | D:2      | Reached XP level 4. HP: 25/37 MP: 4/4
  1996 | D:3      | Found a glowing drain.
  2074 | Sewer    | Entered a sewer
  2230 | Sewer    | Reached XP level 5. HP: 42/42 MP: 5/5
  2323 | Sewer    | Reached skill level 5 in Unarmed Combat
  2500 | Sewer    | Reached XP level 6. HP: 22/51 MP: 6/6
  3047 | D:3      | Found a glowing silver altar of Zin.
  3047 | D:3      | Found an opulent altar of Gozag.
  3052 | D:3      | Found a sparkling altar of Nemelex Xobeh.
  3054 | D:3      | Found a faded altar of an unknown god.
  3055 | D:3      | Found a faded altar of an unknown god.
  3081 | D:3      | Became a worshipper of Gozag Ym Sagoz the Greedy
  3259 | D:3      | Reached skill level 6 in Unarmed Combat
  3259 | D:3      | Your scales start taking on a pale cyan-grey colour.
  3259 | D:3      | Reached XP level 7. HP: 52/59 MP: 7/7
  3259 | D:3      | Gained mutation: You are immune to the effects of steam.
                  | [Pale Draconian growth]
  3268 | D:3      | Noticed Ijyb
  3275 | D:3      | Killed Ijyb
  3654 | D:4      | Noticed a yak
  3654 | D:4      | Noticed a yak
  3654 | D:4      | Noticed a yak
  3655 | D:4      | Noticed a yak
  3858 | D:4      | Killed a yak
  4024 | D:4      | Noticed Natasha
  4033 | D:4      | Killed Natasha
  4190 | D:4      | Noticed Natasha
  4192 | D:4      | Killed Natasha
  4386 | D:4      | Noticed Natasha
  4397 | D:4      | Killed Natasha
  4398 | D:4      | Reached skill level 5 in Shapeshifting
  4436 | D:4      | Killed a yak
  4437 | D:4      | Reached skill level 5 in Fighting
  4437 | D:4      | Reached skill level 7 in Unarmed Combat
  4437 | D:4      | Reached XP level 8. HP: 68/68 MP: 8/8
  4452 | D:5      | Entered Level 5 of the Dungeon
  4572 | D:5      | Noticed Menkaure
  4925 | D:4      | Reached skill level 8 in Unarmed Combat
  5204 | D:5      | Killed Menkaure
  5608 | D:5      | Reached skill level 1 in Throwing
  6210 | D:6      | Reached XP level 9. HP: 78/78 MP: 9/9
  6875 | D:7      | Noticed Prince Ribbit
  7063 | D:7      | Reached skill level 9 in Unarmed Combat
  7068 | D:7      | Killed Prince Ribbit
  7122 | D:7      | Found a runed translucent gate.
  7122 | D:7      | Noticed Azoth's ghost (novice KoHu)
  7138 | D:7      | Found a staircase to the Ecumenical Temple.
  7147 | Temple   | Entered the Ecumenical Temple
  7181 | D:7      | Found a runed translucent gate.
  7181 | D:7      | Found a runed translucent gate.
  7653 | D:8      | Noticed Pikel
  7786 | D:8      | Killed Pikel
  7918 | D:8      | Noticed Grum
  7931 | D:8      | Reached XP level 10. HP: 81/88 MP: 10/10
  7935 | D:8      | Killed Grum
  8276 | D:8      | Reached skill level 10 in Unarmed Combat
  8392 | D:8      | Noticed Jeremiah
  8410 | D:8      | Killed Jeremiah
  8450 | D:8      | Reached skill level 5 in Throwing
  9120 | D:9      | Found a staircase to the Lair.
  9120 | D:9      | Noticed an elephant
  9141 | D:9      | Killed an elephant
  9595 | D:9      | Reached XP level 11. HP: 97/97 MP: 11/11
  9848 | D:9      | Found a staircase to the Orcish Mines.
 10054 | Lair:1   | Entered Level 1 of the Lair of Beasts
 10364 | Lair:1   | Reached skill level 1 in Evocations
 10490 | Lair:1   | Reached skill level 11 in Unarmed Combat
 10541 | Lair:1   | Found a gate leading to a gauntlet.
 10556 | Gauntlet | Entered a Gauntlet
 10556 | Gauntlet | Noticed a fire crab
 10556 | Gauntlet | Found a transporter.
 10556 | Gauntlet | Found a transporter.
 10743 | Gauntlet | Found a transporter.
 10747 | Gauntlet | Found a transporter.
 10755 | Gauntlet | Found a transporter.
 10759 | Gauntlet | Found a transporter.
 10767 | Gauntlet | Found a transporter.
 10775 | Gauntlet | Noticed a catoblepas
 10782 | Gauntlet | Noticed a sixfirhy
 10782 | Gauntlet | Noticed a sixfirhy
 10784 | Gauntlet | Found a transporter.
 10798 | Gauntlet | Found a transporter.
 10802 | Gauntlet | Found a transporter.
 10802 | Gauntlet | Noticed a death scarab
 10810 | Gauntlet | Found a transporter.
 10814 | Gauntlet | Found a transporter.
 10815 | Gauntlet | Found a runed translucent door.
 10870 | Gauntlet | Reached skill level 10 in Fighting
 10886 | Gauntlet | Killed a fire crab
 11118 | Gauntlet | Slain by a spectral six-headed hydra

Illustrated notes

Levels and vault maps discovered:
D:1:      dpeg_arrival_simpleton_a, layout_basic,
          hangedman_decor_clover_reticule, minivault_5
D:2:      kennysheep_six_static_rooms, layout_basic, amethyst_killhole
D:3:      layout_rooms, chequers_temple_overflow_minitemple,
          mainiacjoe_sewer_entry_somewhere_in_here_2, minivault_24,
          nrook_mini_vaults, uniq_ijyb
D:4:      layout_layer_cave, minmay_misc_feat_plants, minmay_surrounded,
          uniq_natasha
D:5:      layout_gridville, uniq_menkaure
D:6:      layout_basic
D:7:      layout_rooms, minmay_temple_entry_antechambers, gammafunk_ghost_split,
          uniq_prince_ribbit1
D:8:      layout_basic, minmay_microvault, uniq_jeremiah, uniq_grum, uniq_pikel
D:9:      layout_long_grid, david_lair_generic, hiddenorc1_lemuel
Temple:   hellmonk_temple_of_storms
Lair:1:   layout_concentric_octagons, gauntlet_entry_generic, st_stairs_8,
          grunt_megastairs_3
Gauntlet: minmay_gauntlet_77_indecision [minmay_gauntlet_arena_77_mirror,
          minmay_gauntlet_arena_77_path,
          minmay_gauntlet_arena_77_radiant_squares,
          minmay_gauntlet_arena_77_terracotta_army,
          minmay_gauntlet_arena_77_double_cross,
          minmay_gauntlet_arena_77_chump_sandwich, gauntlet_exit_watery]

Skill      XL: |  1  2  3  4  5  6  7  8  9 10 11 |
---------------+----------------------------------+-----
Fighting       | 2 3 4 5 6 8 9 10 | 10.1
Unarmed Combat | 4 5 6 7 8 9 10 11 | 11.1
Shapeshifting  | 4 5 6 7 8 9 |  9.0
Throwing       | 1 4 5 6 |  6.0
Dodging        | 3 |  3.1
Evocations     | 2 |  2.9

Action                     |  1- 3 |  4- 6 |  7- 9 | 10-12 || total
---------------------------+-------+-------+-------+-------++-------
  Melee: Unarmed           |    91 |   144 |   169 |   233 ||   637
         Tailslap          |     7 |    21 |    16 |    47 ||    91
         Punch             |     2 |     6 |    14 |     5 ||    27
  Throw: Dart              |     1 |    21 |    47 |     8 ||    77
         Stone             |       |     5 |     3 |       ||     8
 Invoke: Potion Petition   |       |       |     1 |     1 ||     2
Ability: Breathe Steam     |       |       |    25 |    18 ||    43
    Use: Scroll            |       |     1 |     8 |       ||     9
         Potion            |       |       |       |     2 ||     2
   Stab: Sleeping          |       |     1 |       |       ||     1
 Armour: Skin              |    31 |    63 |    92 |   127 ||   313
  Dodge: Dodged            |    36 |    60 |    97 |   220 ||   413
   Form: Flux              |       |       |       |     1 ||     1

Table legend: (Time is in decaauts)
 A = Elapsed time spent in this place.
 B = Non-inter-level travel time spent in this place.
 C = Inter-level travel time spent in this place.
 D = Time resting spent in this place.
 E = Time spent auto-exploring this place.
 F = Levels seen in this place.
 G = Mean time per level.
                   A        B        C        D        E       F      G
               +--------+--------+--------+--------+--------+-----+--------+
         Total |  11205 |  10810 |    395 |   1313 |   5996 |  13 |  861.9 |
       Dungeon |   9124 |   8729 |    395 |    678 |   5633 |   9 | 1013.8 |
        Temple |      1 |      1 |      0 |      0 |      0 |   1 |    1.0 |
          Lair |    488 |    488 |      0 |     35 |    174 |   1 |  488.0 |
         Sewer |   1030 |   1030 |      0 |    222 |     94 |   1 | 1030.0 |
      Gauntlet |    560 |    560 |      0 |    378 |     95 |   1 |  560.0 |
               +--------+--------+--------+--------+--------+-----+--------+

Top non-repeatable levels by time:
     D:4: 1222 daAuts
     D:9: 1150 daAuts
     D:8: 1130 daAuts
   Sewer: 1030 daAuts
     D:1: 1029 daAuts
     D:6: 996 daAuts
     D:3: 981 daAuts
     D:2: 910 daAuts
     D:5: 856 daAuts
     D:7: 845 daAuts
Gauntlet: 560 daAuts
  Lair:1: 488 daAuts
  Temple: 1 daAuts
